AoeStats
← kkkg

Arena

508991491Analyzed
1v1 RM · 7d ago on Sep 25, 2026· 49m 48s· 2 players
Game mode
Random Map
Map size
Tiny (2 player)
Population
200
Speed
Normal
Resources
Standard
Victory
Conquest
Starting age
Dark Age
Ending age
Imperial Age
RankedLock teamsTeams togetherTeam positionsShared explorationLock speedFull tech treeHidden civsTurbo modeCheats
Victory
Defeat
🇨🇳 Burgundians · China
848
+16
🇵🇰 Khmer · Pakistan
848
-16
OBX
11:08 Feudal Age
13:54 Castle Age
13:15 Double-Bit Axe
14:22 Horse Collar
24:25 Scale Barding Armor
24:30 Forging
25:55 Gold Mining
28:47 Gold Shaft Mining
31:35 Imperial Age
29:44 Wheelbarrow
29:22 Bow Saw
29:15 Heavy Plow
29:08 Stone Mining
29:43 Chain Barding Armor
29:58 Iron Casting
31:09 Bloodlines
31:33 Hand Cart
32:32 Cavalier
34:27 Heavy Scorpion
37:02 Onager
39:13 Plate Barding Armor
39:39 Blast Furnace
42:02 Conscription
44:57 Light Cavalry
46:10 Hussar
kkkg
3:54 Double-Bit Axe
7:43 Horse Collar
12:54 Feudal Age
14:20 Wheelbarrow
14:26 Bow Saw
17:30 Castle Age
16:00 Heavy Plow
18:51 Husbandry
18:12 Light Cavalry
23:41 Fervor
25:58 Gold Mining
25:59 Stone Mining
30:24 Imperial Age
28:13 Hand Cart
27:45 Town Watch
29:06 Gold Shaft Mining
29:06 Stone Shaft Mining
28:17 Treadmill Crane
29:00 Ballistics
28:51 Masonry
29:29 Fletching
29:39 Padded Archer Armor
29:50 Forging
31:59 Leather Archer Armor
31:39 Bodkin Arrow
32:20 Iron Casting
31:51 Scale Barding Armor
32:10 Conscription
33:48 Chemistry
33:18 Architecture
32:41 Loom
32:56 Town Patrol
34:27 Bracer
35:27 Blast Furnace
34:48 Chain Barding Armor
33:52 Elite Coustillier
36:07 Scale Mail Armor
36:36 Squires
35:56 Pikeman
37:31 Burgundian Vineyards
40:00 Chain Mail Armor
40:20 Plate Barding Armor
39:42 Halberdier
47:32 Hoardings
Connection lost

Rejoining the realm…

Still unreachable

The connection could not be restored.

Session expired

The server has moved on; the page needs a fresh start.